 Dungeon Crawl Stone Soup version 0.32-a0-391-gce5c0aab1b (webtiles) character file.

Game seed: 8105173758208850790

10397 ytrimaz the Basher (level 11, -1/79 (84) HPs)
             Began as a Coglin Gladiator on Feb 20, 2024.
             Was a Priest of Uskayaw.
             Slain by a soul eater (10 damage)
             ... summoned by a kobold demonologist
             ... on level 10 of the Dungeon.
             The game lasted 00:10:51 (8032 turns).

ytrimaz the Basher (Coglin Gladiator)               Turns: 8032, Time: 00:10:52

HP:   -1/79 (84)    AC: 12    Str: 18    XL:     11   Next: 61%
MP:   16/16         EV: 11    Int:  8    God:    Uskayaw [***...]
Gold: 599           SH:  0    Dex: 16    Spells: 10/10 levels left

rFire   . . .        s - +6 shillelagh "Devastator" {shatter}
rCold   . . .        b - +2 war axe (elec) {Zhen}
rNeg    . . .        q - +1 ring mail {rPois}
rPois   +            c - +0 helmet
rElec   .            K - +2 cloak
rCorr   .            f - +1 pair of gloves
SInv    +            (no boots)
Will    .....        z - amulet of the acrobat
Stlth   +            p - ring of flight
HPRegen 0.33/turn    o - ring of see invisible
MPRegen 0.15/turn

%: acrobat
@: spiked, flying, drained, revving, stiff-legged, very slow
A: off-hand wielding, slow wielding, warmup strikes, warmup strides
a: Renounce Religion, Stomp, Line Pass


You were on level 10 of the Dungeon.
You worshipped Uskayaw.
Uskayaw was noncommittal.
You visited 2 branches of the dungeon, and saw 11 of its levels.
You also visited: Ossuary and Bailey.

You collected 599 gold pieces.


Innate Abilities, Weirdness & Mutations

You can wield a second weapon in your off-hand.
It takes a long time for you to wield or remove held weapons.
Your first few attacks do less damage.
Your first movements take longer.


   Skills:
 - Level 7.0 Fighting
 - Level 6.7(10.7) Axes
 * Level 11.9(12.5) Maces & Flails
 - Level 1.7 Throwing
 - Level 1.2 Armour
 - Level 2.6 Dodging
 - Level 7.0 Invocations


You had 10 spell levels left.
You didn't know any spells.
Your spell library contained the following spells:

 Spells                   Type           Power      Damage    Failure   Level
 Freeze                   Ice            0%         1d3       61%         1
 Kiss of Death            Conj/Necr      0%         2d5       61%         1
 Confusing Touch          Hex            0%         N/A       93%         3
 Frozen Ramparts          Ice            0%         1d1       93%         3
 Hailstorm                Conj/Ice       0%         3d5       93%         3
 Inner Flame              Hex/Fire       0%         N/A       93%         3
 Dispel Undead            Necr           0%         3d6       100%        4
 Flame Wave               Conj/Fire      0%         2d4       100%        4
 Sticky Flame             Fire/Alch      0%         2d4       100%        4

Inventory:

Hand Weapons
 a - a +0 war axe of freezing {Apolônia}
 b - a +2 war axe of electrocution (worn) {Zhen}
   (You acquired it on level 5 of the Dungeon)
 j - a +0 broad axe
   (You took it off a vault guard in a bailey)
 l - a +0 broad axe
   (You took it off a vault guard in a bailey)
 s - the +6 shillelagh "Devastator" (weapon) {shatter}
   (You found it on level 5 of the Dungeon)
Missiles
 d - 5 throwing nets
 e - 6 javelins (quivered)
Armour
 c - a +0 helmet (worn)
 f - a +1 pair of gloves (worn)
   (You found it on level 2 of the Dungeon)
 m - a +0 plate armour
   (You found it on level 3 of the Dungeon)
 q - a +1 ring mail of poison resistance (worn)
   (You found it on level 4 of the Dungeon)
 K - a +2 cloak (worn)
   (You found it on level 7 of the Dungeon)
Jewellery
 n - a ring of wizardry
   (You found it on level 8 of the Dungeon)
 o - a ring of see invisible (right grasper)
   (You found it on level 4 of the Dungeon)
 p - a ring of flight (left grasper)
   (You took it off an orc on level 4 of the Dungeon)
 t - a ring of resist corrosion
   (You took it off a gnoll on level 5 of the Dungeon)
 z - an amulet of the acrobat (around neck)
   (You found it on level 6 of the Dungeon)
 F - an amulet of magic regeneration
   (You found it on level 7 of the Dungeon)
 G - an amulet of faith
   (You took it off an orc on level 9 of the Dungeon)
 J - a ring of positive energy
   (You found it on level 7 of the Dungeon)
 N - a ring of protection from cold
   (You found it on level 9 of the Dungeon)
Wands
 h - a wand of iceblast (9)
   (You took it off Ijyb on level 4 of the Dungeon)
 r - a wand of mindburst (2)
   (You found it on level 5 of the Dungeon)
 y - a wand of flame (21)
   (You took it off Blork the orc on level 6 of the Dungeon)
 H - a wand of polymorph (13)
   (You found it on level 7 of the Dungeon)
 M - a wand of digging (4)
   (You found it on level 7 of the Dungeon)
Scrolls
 i - 3 scrolls of poison
 E - 2 scrolls of fog
 L - 2 scrolls of vulnerability
 O - a scroll of revelation {unknown}
 P - a scroll of fear
Potions
 g - 3 potions of lignification
 k - a potion of mutation
 u - 3 potions of curing
 v - 2 potions of might
 w - 2 potions of enlightenment
 x - a potion of attraction
 A - 2 potions of berserk rage
 B - a potion of haste
 C - 2 potions of brilliance
 I - 4 potions of cancellation
 Q - 3 potions of heal wounds

Dungeon Overview and Level Annotations

Branches:
Dungeon (10/15) Zot: 26830  Temple (1/1) D:5 Zot: 5951     Orc (0/2) D:9
Ossuary (visited)          Bailey (visited)
   Lair: D:8-11

Altars:
Cheibriados
Dithmenos
Elyvilon
Fedhas
Gozag
Hepliaklqana
Kikubaaqudgha
Makhleb
Nemelex Xobeh
Okawaru
Qazlal
Ru
Sif Muna
Trog
Uskayaw
Vehumet
Wu Jian
Xom
Yredelemnul
Zin
The Shining One

Annotations:
D:4 3 runed translucent doors, notthatgreg's ghost, novice GnAl

#.....##.#.##
#####.##.#.# #.##.#.#
### #.##.#.# #..
#.##.#.# #.# #.##.#.#
#.# #. #.#.# #.#
#.#.####.## #
#......@3.#####.####.
###.##....4.K45)5....
#.###...######.###.
#..............
#####.>.#########..
##.#.#.#........#
#.##.....######..
##.###.### ##.#.##


You could see a soul eater (summoned), an orange demon (summoned), a kobold
demonologist, a red devil (summoned) and a quasit (summoned).


Message History

Unknown command.
You hit the kobold brigand with your +2 war axe of electrocution.
The kobold brigand and the kobold demonologist shudder.
You sock the kobold brigand with the +6 shillelagh "Devastator"!
The kobold demonologist shudders.
You kill the kobold brigand!
The kobold demonologist casts a spell.
You can now pass through a line of other dancers.
You barely miss the ufetubus with the +6 shillelagh "Devastator".
You slash the ufetubus with your +2 war axe of electrocution!
Lightning courses through the ufetubus!
The kobold demonologist shudders.
You kill the kobold demonologist!
You kill the ufetubus!
The ufetubus disappears in a puff of smoke!
Uskayaw will force your foes to helplessly watch your dance.
Uskayaw prepares the audience for your solo!
The soul eater is no longer paralysed.
The kobold demonologist is no longer paralysed.
The kobold demonologist misses you. x2
Things that are here:
a +0 short sword; a curare-tipped dart Unknown command.
You hit the kobold demonologist with your +2 war axe of electrocution.
The kobold demonologist, the kobold and the soul eater shudder.
You kill the kobold!
You barely miss the kobold demonologist with the +6 shillelagh "Devastator".
The shadow imp is no longer paralysed.
The kobold demonologist gestures wildly while chanting.
You barely miss the kobold demonologist with your +2 war axe of electrocution.
You hit the kobold demonologist but do no damage.
Unknown command.
You hit the soul eater but do no damage. x2
Unknown command.
You hit the soul eater but do no damage.
You barely miss the soul eater with the +6 shillelagh "Devastator".
The shadow imp summons a swarm of flies.
Unknown command.
You barely miss the soul eater with the +6 shillelagh "Devastator".
You closely miss the soul eater with your +2 war axe of electrocution.
The soul eater hits you!!
You feel drained.
The kobold demonologist looks satisfied for a moment.
The red devil hits you from afar with a +0 demon trident of electrocution!
Barbed spikes become lodged in your body.
You are electrocuted!!
* * * LOW HITPOINT WARNING * * *
😨 HP[-58]
You now have 81 max hp (-3).
You take 58 damage, and now have 26/81 hp.
MASSIVE DAMAGE!! (PAUSE) Unknown command.
Aiming: Iceblast
Press: ? - help, Q - select action, (/) - cycle Shift-Dir - straight line, f - soul eater
Aim: a soul eater (summoned)
Okay, then.
Blink to where?
Press: ? - help, Dir - move target
As you read the scroll of blinking, it crumbles to dust.
Okay, then.
Aiming: Iceblast
Press: ? - help, Q - select action, (/) - cycle Shift-Dir - straight line, f - soul eater
Aim: a soul eater (translocational energy, summoned)
The mass of ice explodes!
The iceblast engulfs the soul eater but does no damage.
The iceblast engulfs the kobold demonologist!
The kobold demonologist casts a cantrip, but nothing happens.
Aiming: Iceblast
Press: ? - help, Q - select action, (/) - cycle Shift-Dir - straight line, f/p - soul eater
Aim: a soul eater (summoned)
The mass of ice explodes!
The iceblast engulfs the soul eater but does no damage. 😨 HP[+1]
Aiming: Iceblast
Press: ? - help, Q - select action, (/) - cycle Shift-Dir - straight line, f/p - soul eater
Aim: a soul eater (summoned)
The mass of ice explodes!
The iceblast engulfs the soul eater.
The soul eater partially resists.
The kobold demonologist begins to cast a cantrip, but forgets the words!
The barbed spikes dig painfully into your body as you move.
* * * LOW HITPOINT WARNING * * *
The kobold demonologist casts a spell. 😨 HP[-3]
You take 3 damage, and now have 24/81 hp.
Aiming: Iceblast
Press: ? - help, Q - select action, (/) - cycle Shift-Dir - straight line, p - soul eater
Okay, then.
Throw: 7 javelins
Press: ? - help, Q - select action, (/) - cycle Shift-Dir - straight line, f - kobold demonologist, p - soul eater
Aim: a kobold demonologist, wielding a +0 dagger and wearing a +0 robe (severely wounded, 50% to hit)
You throw a javelin.
The javelin pierces through the soul eater!
The javelin pierces through the orange demon.
The javelin pierces through the kobold demonologist.
The soul eater hits you!
* * * LOW HITPOINT WARNING * * *
You feel drained.
* * * LOW HITPOINT WARNING * * *
The soul eater draws from the surrounding life force!
You die...
Your body falls in perfect tune with the rhythm.

Skill      XL: |  1  2  3  4  5  6  7  8  9 10 11 |
---------------+----------------------------------+-----
Armour         | 1 |  1.2
Fighting       | 4 5 6 7 |  7.0
Axes           | 4 5 6 |  6.7
Maces & Flails | 4 6 9 11 | 11.9
Invocations    | 3 5 7 |  7.0
Throwing       | |  1.7
Dodging        | |  2.6

Action                     |  1- 3 |  4- 6 |  7- 9 | 10-12 || total
---------------------------+-------+-------+-------+-------++-------
  Melee: War axe           |    32 |    79 |    97 |    74 ||   282
         Whip              |     5 |    27 |       |       ||    32
         Hand axe          |       |    44 |     8 |    18 ||    70
         Shillelagh        |       |       |    50 |   102 ||   152
  Throw: Throwing net      |     3 |       |       |       ||     3
         Javelin           |       |       |       |     1 ||     1
  Evoke: Wand              |       |       |     4 |     3 ||     7
    Use: Scroll            |     1 |     4 |    10 |     4 ||    19
         Potion            |     1 |     1 |       |     7 ||     9
   Stab: Paralysed         |       |       |     2 |     5 ||     7
 Armour: Leather armour    |    23 |    46 |       |       ||    69
         Ring mail         |       |       |    75 |    83 ||   158
         Skin              |       |       |       |     5 ||     5
  Dodge: Dodged            |    25 |    40 |    71 |   132 ||   268

Levels and vault maps discovered:
D:1:      minmay_arrival_glassed_features, layout_loops_corners, serial_forest,
          infiniplex_forest_join, infiniplex_forest_straight_3,
          infiniplex_forest_lined_room_3, infiniplex_forest_end_3,
          infiniplex_forest_end_1, infiniplex_forest_straight_1,
          infiniplex_forest_split
D:2:      layout_rooms, uniq_sigmund
D:3:      layout_rooms, regret_index_temple_of_mockery, kennysheep_slug_shrine,
          minmay_overflow_temple_star_hex
D:4:      layout_basic, zin_academy, ebering_ghost_rock_garden, uniq_ijyb,
          uniq_menkaure
D:5:      layout_cave_pools, temple_hall, dreamdust_princess_corridor
D:6:      layout_cave_pods, amcnicky_altar_gilded, gup_ossuary_entry_pyramid,
          uniq_blork_the_orc
D:7:      layout_cave_pools, mainiacjoe_overflow_concentric_impassable,
          gammafunk_temple_overflow_elements, uniq_pikel, uniq_maggie,
          uniq_jeremiah, uniq_joseph
D:8:      layout_rooms, enter_bailey_6
D:9:      layout_long_grid, kennysheep_mini_moat, erik_orc_1
D:10:     layout_loops_ring, mainiacjoe_overflow_paths
Temple:   hellmonk_temple_of_storms

Notes
Turn   | Place    | Note
-------+----------+-------------------------------------------
     0 | D:1      | ytrimaz the Coglin Gladiator began the quest for the Orb.
     0 | D:1      | Reached XP level 1. HP: 16/16 MP: 1/1
     0 | D:1      | magus.rc [v1.9.6]
    75 | D:1      | Reached XP level 2. HP: 17/22 MP: 2/2
   345 | D:1      | Reached skill level 1 in Armour
   492 | D:1      | Reached XP level 3. HP: 28/28 MP: 3/3
  1156 | D:2      | Noticed Sigmund
  1172 | D:2      | Killed Sigmund
  1173 | D:2      | Reached skill level 4 in Fighting
  1173 | D:2      | Reached skill level 4 in Axes
  1173 | D:2      | Reached XP level 4. HP: 33/37 MP: 4/4
  1173 | D:2      | Reached XP level 5. HP: 38/42 MP: 5/5
  1609 | D:3      | Found a snail-covered altar of Cheibriados.
  1660 | D:3      | Reached XP level 6. HP: 47/48 MP: 6/6
  1893 | D:3      | Found a hazy altar of Hepliaklqana.
  1894 | D:3      | Found a shimmering altar of Xom.
  1895 | D:3      | Noticed a spectral ugly thing
  1984 | D:3      | Found an ornate altar of the Wu Jian Council.
  1989 | D:3      | Found a shadowy altar of Dithmenos.
  1989 | D:3      | Found a blossoming altar of Fedhas.
  2002 | D:3      | Found a stormy altar of Qazlal.
  2006 | D:3      | Found an ancient bone altar of Kikubaaqudgha.
  2178 | D:4      | Reached skill level 5 in Axes
  2185 | D:4      | Noticed Ijyb
  2199 | D:4      | Killed Ijyb
  2343 | D:4      | Found a glowing silver altar of Zin.
  2520 | D:4      | Found a runed translucent gate.
  2520 | D:4      | Found a runed translucent gate.
  2522 | D:4      | Found a runed translucent gate.
  2524 | D:4      | Noticed notthatgreg's ghost (novice GnAl)
  2768 | D:4      | Reached skill level 5 in Fighting
  2774 | D:4      | Reached XP level 7. HP: 20/56 MP: 7/7
  2914 | D:4      | Noticed Menkaure
  2916 | D:4      | Killed Menkaure
  3210 | D:5      | Entered Level 5 of the Dungeon
  3223 | D:5      | Reached skill level 6 in Axes
  3251 | D:5      | Identified a scroll of acquirement
  3251 | D:5      | Acquired a +2 war axe of electrocution
  3298 | D:5      | You pick up a book of Flames and begin reading...
  3298 | D:5      | You add the spells Inner Flame, Sticky Flame and Flame Wave
                  | to your library.
  3350 | D:5      | Reached skill level 6 in Fighting
  3353 | D:5      | Found the +6 shillelagh "Devastator" {shatter}
  3550 | D:5      | Reached XP level 8. HP: 48/64 MP: 8/8
  3556 | D:5      | Reached skill level 1 in Maces & Flails
  3673 | D:5      | Reached skill level 2 in Maces & Flails
  3867 | D:5      | Found a staircase to the Ecumenical Temple.
  3876 | Temple   | Entered the Ecumenical Temple
  3905 | Temple   | Became a worshipper of Uskayaw the Reveller
  3979 | D:6      | Reached * piety under Uskayaw
  4073 | D:6      | Found a basalt altar of Yredelemnul.
  4196 | D:6      | Reached skill level 3 in Maces & Flails
  4196 | D:6      | Reached skill level 1 in Invocations
  4199 | D:6      | Reached ** piety under Uskayaw
  4276 | D:6      | Reached skill level 2 in Invocations
  4282 | D:6      | Found a sand-covered staircase.
  4285 | D:6      | Reached skill level 7 in Fighting
  4289 | Ossuary  | Entered an ossuary
  4356 | Ossuary  | Reached skill level 4 in Maces & Flails
  4359 | Ossuary  | Reached skill level 3 in Invocations
  4359 | Ossuary  | Reached XP level 9. HP: 69/72 MP: 9/11
  4395 | Ossuary  | Noticed a silent spectre
  4511 | D:6      | Noticed Blork the orc
  4516 | D:6      | Killed Blork the orc
  4944 | D:7      | Noticed Pikel
  4950 | D:7      | Reached *** piety under Uskayaw
  4951 | D:7      | Reached skill level 5 in Maces & Flails
  4951 | D:7      | Killed Pikel
  4951 | D:7      | Reached **** piety under Uskayaw
  4952 | D:7      | Reached skill level 4 in Invocations
  4984 | D:7      | Noticed Joseph
  4998 | D:7      | Killed Joseph
  4999 | D:7      | Reached skill level 6 in Maces & Flails
  4999 | D:7      | Reached skill level 5 in Invocations
  5133 | D:7      | Noticed Maggie
  5138 | D:7      | Killed Maggie
  5139 | D:7      | Reached XP level 10. HP: 68/79 MP: 12/14
  5141 | D:7      | Reached skill level 7 in Maces & Flails
  5238 | D:7      | Reached skill level 6 in Invocations
  5279 | D:7      | Noticed Jeremiah
  5280 | D:7      | Found an opulent altar of Gozag.
  5291 | D:7      | Killed Jeremiah
  5459 | D:7      | Found a burning altar of Makhleb.
  5459 | D:7      | Found a shimmering blue altar of Sif Muna.
  5694 | D:8      | Noticed a two-headed ogre
  5696 | D:8      | Killed a two-headed ogre
  5718 | D:8      | Reached skill level 8 in Maces & Flails
  5800 | D:8      | Found a flagged portal.
  5810 | D:8      | Reached skill level 7 in Invocations
  5810 | D:8      | Reached ***** piety under Uskayaw
  5825 | Bailey   | Entered a bailey
  5959 | Bailey   | Reached skill level 9 in Maces & Flails
  5990 | Bailey   | Noticed a vault guard
  5990 | Bailey   | Noticed Prince Ribbit
  5993 | Bailey   | Killed Prince Ribbit
  5994 | Bailey   | Reached XP level 11. HP: 68/84 MP: 16/16
  5999 | Bailey   | HP: 23/126 [vault guard/+0 broad axe (17)]
  6002 | Bailey   | Killed a vault guard
  6003 | Bailey   | Reached skill level 10 in Maces & Flails
  6309 | Bailey   | Noticed a vault guard
  6313 | Bailey   | Killed a vault guard
  6405 | D:8      | You pick up a book of Frost and begin reading...
  6405 | D:8      | You add the spells Freeze, Frozen Ramparts and Hailstorm to
                  | your library.
  6727 | D:8      | Identified the +1 hand axe "Veng" {venom, *Noise rCorr
                  | Str+2 Int+4}
  6831 | D:9      | Found a radiant altar of Vehumet.
  6933 | D:9      | Reached skill level 11 in Maces & Flails
  7099 | D:9      | Found a staircase to the Orcish Mines.
  7193 | D:9      | You pick up a book of Touch and begin reading...
  7193 | D:9      | You add the spells Kiss of Death, Confusing Touch and
                  | Dispel Undead to your library.
  7869 | D:10     | Entered Level 10 of the Dungeon
  8019 | D:10     | Noticed a soul eater
  8032 | D:10     | HP: 12/81 [soul eater[a kobold demonologist] (12)]
  8032 | D:10     | Slain by a soul eater

Vanquished Creatures
  2 vault guards (Bailey)
  A two-headed ogre (D:8)
  Pikel (D:7)
  Joseph (D:7)
  Maggie (D:7)
  Jeremiah (D:7)
  A kobold demonologist (D:10)
  A troll (D:9)
  Prince Ribbit (Bailey)
  Sigmund (D:2)
  A wraith (D:10)
  4 wyverns
  2 humans (Bailey)
  2 steam dragons (D:8)
  Menkaure (D:4)
  An acid dragon (D:9)
  2 orc warriors (D:9)
  A swamp drake (D:9)
  3 black bears
  3 ice beasts
  2 ogres (D:6)
  3 centaurs
  3 lemures (D:7)
  A phantom (D:7)
  Blork the orc (D:6)
  2 kobold brigands
  A gnoll sergeant (D:9)
  15 bullfrogs
  3 scorpions (D:5)
  2 water moccasin zombies (Ossuary)
  5 wights
  6 killer bees (D:8)
  3 howler monkeys
  3 centaur zombies (Ossuary)
  A bombardier beetle (D:5)
  6 hounds
  A human zombie (Ossuary)
  A gnoll bouda (D:5)
  8 orc priests
  Ijyb (D:4)
  4 iguanas
  10 orc wizards
  A scorpion zombie (Ossuary)
  An ogre zombie (Ossuary)
  A mummy (D:6)
  3 adders
  15 gnolls
  3 adder zombies (Ossuary)
  A dart slug (D:3)
  2 ribbon worms (D:3)
  38 orcs
  A ball python (D:2)
  5 bats
  3 endoplasms
  3 giant cockroaches
  7 goblins
  12 hobgoblins
  12 kobolds
  2 quokkas
  2 frilled lizards (D:1)
  A goblin zombie (Ossuary)
  6 hobgoblin zombies (Ossuary)
  An orc zombie (Ossuary)
  2 rats (D:1)
235 creatures vanquished.

Table legend:
 A = Non-vault XP
 B = Vault XP
 C = Vault XP percentage of total XP
 D = Non-vault monster count
 E = Vault monster count
 F = Vault count percentage of total count
                 A         B        C        D         E       F
            +---------+---------+-------+---------+---------+-------
      Total |    7746 |    7107 |  47.8 |     159 |      73 |  31.5
            +---------+---------+-------+---------+---------+-------
        D:1 |      41 |       0 |   0.0 |      16 |       0 |   0.0
        D:2 |      23 |     244 |  91.4 |       8 |       1 |  11.1
        D:3 |      22 |       5 |  18.5 |       6 |       1 |  14.3
        D:4 |     248 |     203 |  45.0 |      17 |       2 |  10.5
        D:5 |     785 |       0 |   0.0 |      20 |       0 |   0.0
        D:6 |     650 |     116 |  15.1 |      13 |       2 |  13.3
        D:7 |    1011 |    1887 |  65.1 |      19 |       4 |  17.4
        D:8 |    2177 |       0 |   0.0 |      22 |       0 |   0.0
        D:9 |    1894 |     596 |  23.9 |      32 |      17 |  34.7
       D:10 |     895 |       0 |   0.0 |       6 |       0 |   0.0
    Ossuary |       0 |     518 | 100.0 |       0 |      20 | 100.0
     Bailey |       0 |    3538 | 100.0 |       0 |      26 | 100.0
            +---------+---------+-------+---------+---------+-------

Skill      XL: |  1  2  3  4  5  6  7  8  9 10 11 |
---------------+----------------------------------+-----
Armour         | 1 |  1.2
Fighting       | 4 5 6 7 |  7.0
Axes           | 4 5 6 |  6.7
Maces & Flails | 4 6 9 11 | 11.9
Invocations    | 3 5 7 |  7.0
Throwing       | |  1.7
Dodging        | |  2.6

Action                     |  1- 3 |  4- 6 |  7- 9 | 10-12 || total
---------------------------+-------+-------+-------+-------++-------
  Melee: War axe           |    32 |    79 |    97 |    74 ||   282
         Whip              |     5 |    27 |       |       ||    32
         Hand axe          |       |    44 |     8 |    18 ||    70
         Shillelagh        |       |       |    50 |   102 ||   152
  Throw: Throwing net      |     3 |       |       |       ||     3
         Javelin           |       |       |       |     1 ||     1
  Evoke: Wand              |       |       |     4 |     3 ||     7
    Use: Scroll            |     1 |     4 |    10 |     4 ||    19
         Potion            |     1 |     1 |       |     7 ||     9
   Stab: Paralysed         |       |       |     2 |     5 ||     7
 Armour: Leather armour    |    23 |    46 |       |       ||    69
         Ring mail         |       |       |    75 |    83 ||   158
         Skin              |       |       |       |     5 ||     5
  Dodge: Dodged            |    25 |    40 |    71 |   132 ||   268

Illustrated notes

Table legend:
 A = Kills in this place as a percentage of kills in the entire game.
 B = Kills by you in this place as a percentage of kills by you in the entire game.
 C = Kills by friends in this place as a percentage of kills by friends in the entire game.
 D = Other kills in this place as a percentage of other kills in the entire game.
 E = Experience gained in this place as a percentage of experience gained in the entire game.
 F = Experience gained in this place divided by the number of levels of this place that you have seen.
                   A       B       C       D       E      F
               +-------+-------+-------+-------+-------+----------------------
         Total | 100.0 | 100.0 |   N/A |   N/A | 100.0 | 1142.5
       Dungeon |  80.2 |  80.2 |   N/A |   N/A |  72.7 | 1079.7
       Ossuary |   8.6 |   8.6 |   N/A |   N/A |   3.5 | 518.0
        Bailey |  11.2 |  11.2 |   N/A |   N/A |  23.8 | 3538.0
               +-------+-------+-------+-------+-------+----------------------

Table legend: (Time is in decaauts)
 A = Elapsed time spent in this place.
 B = Non-inter-level travel time spent in this place.
 C = Inter-level travel time spent in this place.
 D = Time resting spent in this place.
 E = Time spent auto-exploring this place.
 F = Levels seen in this place.
 G = Mean time per level.
                   A        B        C        D        E       F      G
               +--------+--------+--------+--------+--------+-----+--------+
         Total |   8367 |   8024 |    343 |    441 |   5935 |  13 |  643.6 |
       Dungeon |   7524 |   7199 |    325 |    183 |   5684 |  10 |  752.4 |
        Temple |     48 |     30 |     18 |      0 |      0 |   1 |   48.0 |
       Ossuary |    218 |    218 |      0 |      0 |     95 |   1 |  218.0 |
        Bailey |    575 |    575 |      0 |    258 |    156 |   1 |  575.0 |
               +--------+--------+--------+--------+--------+-----+--------+

Top non-repeatable levels by time:
     D:1: 1182 daAuts
     D:4: 1128 daAuts
     D:9: 1091 daAuts
     D:6: 836 daAuts
     D:7: 785 daAuts
     D:5: 731 daAuts
  Bailey: 575 daAuts
     D:8: 566 daAuts
     D:3: 536 daAuts
     D:2: 498 daAuts
 Ossuary: 218 daAuts
    D:10: 168 daAuts
  Temple: 48 daAuts
